 Dungeon Crawl Stone Soup version 0.31-a0-344-gd109795599 (webtiles) character file.

Game seed: 5928685761902469981

683 AdnanSaban the Cudgeller (level 7, -5/44 HPs)
             Began as a Gargoyle Fighter on July 22, 2023.
             Was a Follower of Okawaru.
             Slain by an ogre
             ... wielding a +0 giant club
              (17 damage)
             ... on level 5 of the Dungeon.
             The game lasted 00:05:21 (3511 turns).

AdnanSaban the Cudgeller (Gargoyle Fighter)         Turns: 3511, Time: 00:05:21

Health: -5/44      AC: 22    Str: 21    XL:     7   Next: 61%
Magic:  7/7        EV:  9    Int:  9    God:    Okawaru [*.....]
Gold:   217        SH:  4    Dex:  9    Spells: 6/6 levels left

rFire   x . .        v - +4 flail (protect)
rCold   + + .        c - +0 buckler
rNeg    + . .        i - +0 ice dragon scales
rPois   ∞            (no helmet)
rElec   +            (no cloak)
rCorr   .            (no gloves)
SInv    .            (no boots)
Will    .....        m - amulet of the acrobat Stlth
                     (no ring)
HPRegen 0.27/turn    (no ring)
MPRegen 0.10/turn

%: acrobat
@: under a protective aura
A: sickness immunity, AC +4, negative energy resistance 1, electricity
resistance, torment resistance 1, petrification resistance
a: Renounce Religion, Heroism


You were on level 5 of the Dungeon.
You worshipped Okawaru.
Okawaru was aware of your devotion.
You visited 2 branches of the dungeon, and saw 6 of its levels.

You collected 217 gold pieces.

Inventory:

Hand Weapons
 v - a +4 flail of protection (weapon)
Missiles
 k - 6 javelins (quivered)
Armour
 c - a +0 buckler (worn)
 i - +0 ice dragon scales (worn)
Jewellery
 m - an amulet of the acrobat (around neck)
 u - a +6 ring of intelligence
Scrolls
 a - a scroll of teleportation {unknown}
 f - 2 scrolls of fear {unknown}
 g - a scroll of amnesia {unknown}
 h - 2 scrolls of immolation {unknown}
 j - a scroll of vulnerability {unknown}
 n - a scroll of fog {unknown}
 q - 4 scrolls of identify {unknown}
 s - a scroll of noise {unknown}
 t - 3 scrolls of revelation {unknown}
Potions
 b - a potion of brilliance {unknown}
 d - 2 potions of might
 e - a potion of magic {unknown}
 l - a potion of enlightenment {unknown}
 o - a potion of ambrosia {unknown}
 p - a potion of degeneration {unknown}
 r - a potion of heal wounds {unknown}
 w - a potion of mutation {unknown}


   Skills:
 + Level 4.8 Fighting
 + Level 5.7 Maces & Flails
 + Level 0.5 Throwing
 + Level 4.8 Armour
 + Level 1.8 Dodging
 + Level 4.4 Shields


You had 6 spell levels left.
You didn't know any spells.
Your spell library contained the following spells:

 Spells                   Type           Power      Damage    Failure   Level
 Ensorcelled Hibernation  Hex/Ice        0%         N/A       94%         2
 Passwall                 Tmut/Erth      0%         N/A       94%         2
 Swiftness                Air            0%         N/A       99%         3


Dungeon Overview and Level Annotations

Branches:
Dungeon (5/15)             Temple (1/1) D:4

Altars:
Ashenzari
Cheibriados
Dithmenos
Elyvilon
Fedhas
Gozag
Kikubaaqudgha
Makhleb
Nemelex Xobeh
Okawaru
Ru
Sif Muna
Trog
Uskayaw
Vehumet
Wu Jian
Xom
Yredelemnul
Zin
The Shining One

Annotations:
D:4 1 runed translucent door, Crazy Yiuf


Innate Abilities, Weirdness & Mutations

You are immune to sickness and miasma.
Your stone body is resilient. (AC +4)
You are immune to poison.
You resist negative energy. (rN+)
You are resistant to electric shocks. (rElec)
You are resistant to unholy torment.
You are immune to petrification.


Message History

The ogre hits you with a +0 giant club!
You are too injured to fight recklessly!
You are too injured to fight recklessly!
You are too injured to fight recklessly!
You are too injured to fight recklessly!
You are too injured to fight recklessly!
You are too injured to fight recklessly!
You are too injured to fight recklessly!
You are too injured to fight recklessly!
You are too injured to fight recklessly!
You are too injured to fight recklessly!
You are too injured to fight recklessly!
You are too injured to fight recklessly!
You are too injured to fight recklessly!
You are too injured to fight recklessly!
You are too injured to fight recklessly!
You are too injured to fight recklessly!
You are too injured to fight recklessly!
You are too injured to fight recklessly!
You are too injured to fight recklessly!
Unknown command.
You hit the ogre.
The ogre is severely wounded.
The adder bites you but does no damage.
The centaur unwields a +0 shortbow.
The centaur hits you but does no damage.
The centaur kicks you but does no damage.
You completely miss the ogre.
The ogre is severely wounded.
The adder barely misses you. The ogre hits you with a +0 giant club.
The centaur barely misses you. x2; The adder bites you but does no damage.
You barely miss the ogre.
The ogre is severely wounded.
The centaur hits you but does no damage.
The centaur kicks you but does no damage.
The centaur closely misses you.
The centaur kicks you but does no damage.
The adder bites you.
* * * LOW HITPOINT WARNING * * *
The ogre hits you with a +0 giant club!
You die...

#.......##.###..## ##
#..##...##.#....#
...#.. #........##.#
##.#..##....#...)...
.............>.......
..........###..♣♣♣..
..#.#.#........♣#
.!....c........♣
......O@)..###.♣
......#S##.# .♣
.###..#o# $.. . ...
#r# .... ###. #.#
..#..♣ #.# .##.♣ ..#
.♣ #..


You could see an ogre, a centaur, an adder, an orc and a quokka.

Vanquished Creatures
  Sigmund (D:4)
  Edmund (D:4)
  An ogre (D:4)
  2 scorpions (D:4)
  A hound (D:4)
  Jessica (D:3)
  3 gnolls (D:3)
  3 adders
  A worm (D:2)
  2 dart slugs
  14 orcs
  8 ball pythons
  5 endoplasms
  3 giant cockroaches
  4 goblins
  7 hobgoblins
  8 jackals
  12 kobolds
  5 quokkas
  3 bats
  3 frilled lizards
  3 rats
91 creatures vanquished.

Notes
Turn   | Place    | Note
-------+----------+-------------------------------------------
     0 | D:1      | AdnanSaban the Gargoyle Fighter began the quest for the
                  | Orb.
     0 | D:1      | Reached XP level 1. HP: 14/14 MP: 1/1
   165 | D:1      | Reached XP level 2. HP: 18/19 MP: 2/2
   469 | D:1      | Reached XP level 3. HP: 23/23 MP: 3/3
  1669 | D:3      | Reached XP level 4. HP: 29/29 MP: 4/4
  1674 | D:3      | Reached skill level 3 in Maces & Flails
  1752 | D:3      | Noticed Jessica
  1757 | D:3      | Killed Jessica
  1784 | D:3      | Reached XP level 5. HP: 30/33 MP: 5/5
  2328 | D:4      | Reached skill level 1 in Dodging
  2377 | D:4      | Found a burning altar of Makhleb.
  2381 | D:4      | Found an opulent altar of Gozag.
  2404 | D:4      | Found a staircase to the Ecumenical Temple.
  2414 | Temple   | Entered the Ecumenical Temple
  2422 | Temple   | Became a worshipper of Warmaster Okawaru
  2478 | D:4      | Noticed an ogre
  2647 | D:4      | Reached skill level 4 in Maces & Flails
  2802 | D:4      | Found a runed translucent door.
  2803 | D:4      | Noticed Crazy Yiuf
  2847 | D:4      | Reached XP level 6. HP: 27/38 MP: 6/6
  3028 | D:4      | Found a shimmering blue altar of Sif Muna.
  3028 | D:4      | Found a white marble altar of Elyvilon.
  3035 | D:4      | Found a basalt altar of Yredelemnul.
  3035 | D:4      | Found a blossoming altar of Fedhas.
  3073 | D:4      | Noticed Edmund
  3088 | D:4      | Killed Edmund
  3089 | D:4      | Reached XP level 7. HP: 18/44 MP: 7/7
  3196 | D:4      | Noticed Sigmund
  3204 | D:4      | Killed Sigmund
  3204 | D:4      | Reached * piety under Okawaru
  3205 | D:4      | Reached skill level 5 in Maces & Flails
  3447 | D:5      | Entered Level 5 of the Dungeon
  3479 | D:5      | Identified the +1 ring mail "Qufu" {Harm rN+ rCorr Str+4}
  3511 | D:5      | Slain by an ogre

Illustrated notes

Levels and vault maps discovered:
D:1:      dpeg_arrival_signposts, layout_basic, serial_glass, glass_columns_a,
          glass_columns_c, minmay_pentomino_u4
D:2:      layout_basic
D:3:      layout_basic, kennysheep_generic_room_16, uniq_jessica
D:4:      cheibrodos_barr_body, layout_rooms, grunt_temple_overflow_open,
          temple_fountains, minivault_14, sigmund_edmund_badplayer,
          uniq_crazy_yiuf_cottage
D:5:      layout_basic, gup_sewer_entry_pipe, gammafunk_ghost_split,
          minmay_stone_trees_medium
Temple:   nicolae_temple_two_arcs

Skill      XL: |  1  2  3  4  5  6  7 |
---------------+----------------------+-----
Maces & Flails | 3 4 5 |  5.7
Fighting       | 4 |  4.8
Armour         | 4 |  4.8
Dodging        | 1 |  1.8
Shields        | 4 |  4.4
Throwing       | |  0.5

Action                     |  1- 3 |  4- 6 |  7- 9 || total
---------------------------+-------+-------+-------++-------
  Melee: Flail             |   169 |   177 |    34 ||   380
  Throw: Javelin           |       |     3 |     5 ||     8
 Armour: Scale mail        |    44 |       |       ||    44
         Ice dragon scales |    56 |    99 |    23 ||   178
  Dodge: Dodged            |    83 |    97 |    17 ||   197
  Block: Buckler           |    45 |    55 |     6 ||   106

Table legend: (Time is in decaauts)
 A = Elapsed time spent in this place.
 B = Non-inter-level travel time spent in this place.
 C = Inter-level travel time spent in this place.
 D = Time resting spent in this place.
 E = Time spent auto-exploring this place.
 F = Levels seen in this place.
 G = Mean time per level.
                   A        B        C        D        E       F      G
               +--------+--------+--------+--------+--------+-----+--------+
         Total |   3617 |   3469 |    148 |     76 |   2563 |   6 |  602.8 |
       Dungeon |   3600 |   3466 |    134 |     76 |   2563 |   5 |  720.0 |
        Temple |     16 |      2 |     14 |      0 |      0 |   1 |   16.0 |
               +--------+--------+--------+--------+--------+-----+--------+

Top non-repeatable levels by time:
     D:4: 1125 daAuts
     D:1: 894 daAuts
     D:2: 817 daAuts
     D:3: 696 daAuts
     D:5: 66 daAuts
  Temple: 16 daAuts
